 Dungeon Crawl Stone Soup version 0.20-a0-772-g73021bd (webtiles) character file.

142 polly the Covered (level 5, -8/33 HPs)
             Began as a Gargoyle Fighter on Feb 26, 2017.
             Blown up by Ijyb (18 damage)
             ... with a wand of disintegration (?/24)
             ... on level 3 of the Dungeon.
             The game lasted 00:01:33 (1531 turns).

polly the Covered (Gargoyle Fighter)                Turns: 1531, Time: 00:01:33

Health: -8/33      AC: 11    Str: 19    XL:     5   Next: 25%
Magic:  5/5        EV:  7    Int:  9    God:
Gold:   155        SH:  9    Dex: 10    Spells: 4/4 levels left

rFire    . . .     SeeInvis .   a - +0 flail
rCold    . . .     Gourm    .   b - +0 scale mail
rNeg     + . .     Faith    .   c - +0 shield
rPois    ∞         Spirit   .   (no helmet)
rElec    +         Reflect  .   (no cloak)
rCorr    .         Harm     .   (no gloves)
MR       .....                  (no boots)
Stlth    ..........             (no amulet)
Regen    0.2/turn               (no ring)
MPRegen  0.1/turn               (no ring)

@: no status effects
A: negative energy resistance 1, electricity resistance, unbreathing,
petrification resistance, rot immunity, AC +4
a: no special abilities


You were on level 3 of the Dungeon.
You were hungry.

You visited 1 branch of the dungeon, and saw 3 of its levels.

You collected 155 gold pieces.

Inventory:

Hand Weapons
 a - a +0 flail (weapon)
Armour
 b - a +0 scale mail (worn)
 c - a +0 shield (worn)
Jewellery
 o - a cursed amulet of inaccuracy {unknown}
Scrolls
 e - a scroll of identify {unknown}
 g - 2 scrolls of remove curse {unknown}
 k - a scroll of fog {unknown}
 l - a scroll of immolation {unknown}
 q - a scroll of magic mapping {unknown}
Potions
 d - 2 potions of might
 h - 2 potions of brilliance {unknown}
 i - a potion of heal wounds {unknown}
 j - a potion of berserk rage {unknown}
 m - 2 potions of cancellation {unknown}
 n - 2 potions of magic {unknown}
Comestibles
 f - 3 bread rations
 p - a meat ration
 r - 3 fruits


   Skills:
 + Level 3.8 Fighting
 + Level 3.5 Maces & Flails
 + Level 4.1 Armour
 + Level 0.4 Dodging
 + Level 0.5 Stealth
 + Level 4.0 Shields


You had 4 spell levels left.
You didn't know any spells.

Dungeon Overview and Level Annotations

Branches:
Dungeon (3/15)

Altars:
Elyvilon

Annotations:
D:3 Ijyb


Innate Abilities, Weirdness & Mutations

You are resistant to torment.
Your stone body is resilient. (AC +4)
You are immune to poison.
You resist negative energy. (rN+)
You are resistant to electric shocks. (rElec)
You can survive without breathing.
You are immune to petrification.
You are immune to rotting.


Message History

You are too injured to fight recklessly!
You hit Likado's ghost.
You destroy Likado's ghost!
Your Armour skill increases to level 4!
Your Shields skill increases to level 4!
You have reached level 5!
Ijyb hits you with a dagger.
You miss Ijyb. Ijyb hits you but does no damage.
You hit Ijyb.
Ijyb is moderately wounded.
Ijyb zaps a wand.
You barely resist.
You are feeling hungry.
You barely miss Ijyb.
Ijyb is moderately wounded.
Ijyb hits you with a dagger.
You sock Ijyb!
Ijyb is severely wounded.
Ijyb zaps a wand.
You are blasted!
Ijyb zaps a wand.
You are blasted!
Ouch! That really hurt!
You die...

#.. ..... #.#
⌠.⌠.# #........
#.#.....#
#...._%..
#.#.....#
#########........
.......@g.#.⌠.⌠.#
.######†#........
#.#†#.....#
#)#........
#.##.##.#.. #.#
.# ...# #.# ..
... #.# ## .# #(#


You could see Ijyb.

Vanquished Creatures
  The ghost of Likado the Charmwright, an amateur HaSk (D:3)
  An adder (D:2)
  2 oozes (D:2)
  A dart slug (D:3)
  A leopard gecko (D:2)
  4 giant cockroaches
  2 goblins
  12 hobgoblins
  4 jackals (D:1)
  5 kobolds
  2 bats
  4 frilled lizards
  6 rats
45 creatures vanquished.

Notes
Turn   | Place    | Note
-------+----------+-------------------------------------------
     0 | D:1      | polly the Gargoyle Fighter began the quest for the Orb.
     0 | D:1      | Reached XP level 1. HP: 14/14 MP: 1/1
   249 | D:1      | Reached XP level 2. HP: 18/19 MP: 2/2
   745 | D:1      | Reached XP level 3. HP: 23/23 MP: 3/3
  1204 | D:2      | Reached XP level 4. HP: 29/29 MP: 4/4
  1483 | D:3      | Found a white marble altar of Elyvilon.
  1501 | D:3      | Noticed Ijyb
  1501 | D:3      | Noticed Likado's ghost (amateur HaSk)
  1527 | D:3      | Killed Likado's ghost
  1527 | D:3      | Reached XP level 5. HP: 16/33 MP: 5/5
  1531 | D:3      | Blown up by Ijyb

Vault maps used:
D:1:      saegor_arrival_under_anarchy, serial_bayou_lagoon_a
D:2:      minmay_diamond_boxcup, first_bread, minmay_misc_feat_plants
D:3:      elyvilon_altar_5, overflow_temple_1_default, trog_book, uniq_iyjb,
          uniq_grinder, uniq_sigmund

Skill      XL: |  1  2  3  4 |
---------------+-------------+-----
Maces & Flails | 3 |  3.5
Armour         | 4 |  4.1
Shields        | 4 |  4.0
Fighting       | |  3.8
Dodging        | |  0.4
Stealth        | |  0.5

Action                   |  1- 3 |  4- 6 || total
-------------------------+-------+-------++-------
Melee: Flail             |   140 |    55 ||   195
  Eat: Chunk             |     1 |     1 ||     2
Armor: Scale mail        |    72 |    25 ||    97
Dodge: Dodged            |    36 |    10 ||    46
Block: Shield            |    74 |    32 ||   106
